 Dungeon Crawl Stone Soup version 0.32-a0-871-ge202e49faa (webtiles) character file.

Game seed: 4915232208928680048

88240 shadizar the Eclecticist (level 16, -3/115 HPs)
             Began as a Djinni Conjurer on Mar 29, 2024.
             Was the Champion of Makhleb.
             Succumbed to barbed spike wounds
             ... on level 12 of the Dungeon.
             The game lasted 00:42:04 (26216 turns).

shadizar the Eclecticist (Djinni Conjurer)         Turns: 26216, Time: 00:42:05

Health: -3/115     AC: 12    Str:  6    XL:     16   Next: 40%
Gold:   1438       EV: 21    Int: 33    God:    Makhleb [******] SH:  0 Dex: 13

rFire   + + .        (no weapon)
rCold   x . .        (no shield)
rNeg    + + .        w - +4 robe "Dalu" {rN+}
rPois   ∞            C - +2 helmet
rElec   .            A - +1 cloak "Tehysaf" {rN+ Will+}
rCorr   .            (no gloves)
SInv    .            (boots unavailable)
Will    ++...        b - amulet of the acrobat
Stlth   +++          N - +6 ring of intelligence
HPRegen 0.39/turn    L - +5 ring of evasion
MPRegen 0.00/turn

%: acrobat, infuse magic (-4 HP)
@: spiked, flying
A: sickness immunity, fire resistance 2, cold vulnerability 1, float, innate
caster, HP casting, extra vitality 1
a: Renounce Religion, Minor Destruction, Lesser Servant of Makhleb, Major
Destruction, Greater Servant of Makhleb


You were on level 12 of the Dungeon.
You worshipped Makhleb.
Makhleb was exalted by your worship.
You visited 4 branches of the dungeon, and saw 20 of its levels.
You also visited: Volcano.

You collected 1563 gold pieces.
You spent 125 gold pieces at shops.

Inventory:

Armour
 c - a +2 chain mail of fire resistance
 m - a +3 leather armour of fire resistance
 v - a +2 chain mail of cold resistance
 w - the +4 robe "Dalu" (worn) {rN+}
   (You bought it in a shop on level 2 of the Orcish Mines)

   rN+:       It protects you from negative energy.
 y - a scarf of resistance
 A - the +1 cloak "Tehysaf" (worn) {rN+ Will+}
   (You found it on level 9 of the Dungeon)

   rN+:       It protects you from negative energy.
   Will+:     It increases your willpower.
 C - a +2 helmet (worn)
 F - a +3 leather armour of willpower
 O - +0 steam dragon scales
Jewellery
 a - a ring of resist corrosion
 b - an amulet of the acrobat (around neck)
 j - a +4 ring of protection
 k - a ring of positive energy
 o - a ring of wizardry
 B - a ring of ice
 J - a ring of protection from cold
 L - a +5 ring of evasion (right hand)
 N - a +6 ring of intelligence (left hand)
Wands
 e - a wand of warping (10)
 i - a wand of flame (50)
 n - a wand of digging (4)
 u - a wand of quicksilver (16)
 E - a wand of polymorph (12)
 I - a wand of paralysis (6)
Scrolls
 d - 3 scrolls of identify
 f - 8 scrolls of teleportation
 l - 5 scrolls of enchant armour
 q - 3 scrolls of fog
 r - a scroll of butterflies
 t - a scroll of brand weapon {unknown}
 G - 2 scrolls of blinking
Potions
 g - 2 potions of mutation
 h - 2 potions of cancellation
 p - 5 potions of curing
 s - 2 potions of invisibility
 x - 2 potions of berserk rage
 z - a potion of brilliance
 D - a potion of resistance {unknown}
 H - 3 potions of haste
 K - 3 potions of heal wounds
 M - a potion of ambrosia


   Skills:
 + Level 10.6 Fighting
 - Level 8.2 Armour
 - Level 11.0 Dodging
 - Level 6.1 Stealth
 * Level 17.4 Spellcasting
 * Level 17.4 Conjurations
 * Level 17.4 Hexes
   Level 0.0 Charms
 * Level 17.4 Summonings
 * Level 17.4 Necromancy
 * Level 17.4 Translocations
   Level 0.0 Transmutations
 * Level 17.4 Fire Magic
 * Level 17.4 Ice Magic
 * Level 17.4 Air Magic
 * Level 17.4 Earth Magic
 * Level 17.4 Alchemy


You knew the following spells:

 Your Spells              Type           Power      Damage    Failure   Level
a - Magic Dart            Conj           100%       1d8       0%          1
b - Searing Ray           Conj           100%       2d8       0%          2
c - Fulminant Prism       Conj/Alch      48%        3d21      0%          4
d - Iskenderun's Mystic   Conj/Tloc      97%        2d19      (+2d10%     4
e - Foxfire               Conj/Fire      100%       2x1d9     0%          1
f - Static Discharge      Conj/Air       100%       3-8/arc   0%          2
g - Vampiric Draining     Necr           97%        2d12      0%          3
h - Passage of Golubria   Tloc           97%        N/A       0%          4
i - Animate Dead          Necr           97%        N/A       0%          4
j - Fireball              Conj/Fire      48%        3d19      1%          5
k - Dispersal             Tloc           48%        N/A       1%          6
Your spell library was empty.

Dungeon Overview and Level Annotations

Branches:
Dungeon (12/15)            Temple (1/1) D:7            Lair (5/5) D:11
  Swamp (0/4) Lair:3       Spider (0/4) Lair:3          Orc (2/2) D:10
    Elf (0/3) Orc:2       Volcano (visited)
  Slime: Lair:4-5

Altars:
Ashenzari
Cheibriados
Dithmenos
Elyvilon
Fedhas
Hepliaklqana
Makhleb
Nemelex Xobeh
Okawaru
Qazlal
Ru
Trog
Uskayaw
Xom
Yredelemnul
Zin
The Shining One
Beogh
Jiyva

Shops:
D:7 =   Orc:2 *(?[

Annotations:
D:9 2 transporters, ViolentViolet's ghost, novice CoHs
Lair:3 exclusion: oklob plant
Lair:4 exclusion: oklob plant
Lair:5 exclusion: oklob plant


Innate Abilities, Weirdness & Mutations

You are immune to sickness and miasma.
You are immune to poison.
Your flesh is very heat resistant. (rF++)
You are vulnerable to cold. (rC-)
You float through the air rather than walking.
You learn spells naturally, not from books.
Your magical power is your life essence.
You have superior vitality. (+4 MHP)


Message History

A basilisk comes into view.
The cyclops throws a large rock.
The large rock completely misses you.
A cyclops comes into view.
Unknown command.
Unknown command.
Unknown command.
Unknown command.
Unknown command.
Unknown command.
Unknown command.
Unknown command.
Unknown command.
Unknown command.
Unknown command.
Unknown command.
Blink to where?
Press: ? - help, Dir - move target
As you read the scroll of blinking, it crumbles to dust.
There are monsters nearby!
The barbed spikes dig painfully into your body as you move.
* * * LOW HITPOINT WARNING * * *
Things that are here:
a +0 arbalest; a yaktaur corpse The barbed spikes dig painfully into your body as you move.
* * * LOW HITPOINT WARNING * * *
The barbed spikes dig painfully into your body as you move.
* * * LOW HITPOINT WARNING * * *
The barbed spikes dig painfully into your body as you move.
* * * LOW HITPOINT WARNING * * *
The barbed spikes dig painfully into your body as you move.
* * * LOW HITPOINT WARNING * * *
The barbed spikes dig painfully into your body as you move.
* * * LOW HITPOINT WARNING * * *
Things that are here:
4 large rocks; a cyclops skeleton The barbed spikes dig painfully into your body as you move.
* * * LOW HITPOINT WARNING * * *
There is a stone staircase leading up here.
The barbed spikes dig painfully into your body as you move.
You die...

#..# #.......###
##.# #.......#
#O###.......##
#..##........#####
##.##..=.........###
#..#..............#
##....)...........#
#(.....[..........
#@.)...)..[.......
##....[...........
#................
#................
##..)...........#
#..............#
##.##.##########
######


You could see a two-headed ogre.

Vanquished Creatures
  Gastronok (D:11)
  2 orc warlords
  An ettin (Orc:2)
  Snorg (D:11)
  A fire dragon (Lair:5)
  Harold (Lair:2)
  4 hydras
  An alligator (Lair:3)
  Erica (D:9)
  4 boulder beetles
  2 centaur warriors (D:12)
  7 two-headed ogres
  Urug (D:11)
  4 orc high priests (Orc:2)
  A hell knight (Volcano)
  Amaemon (D:9)
  4 skysharks
  A fire crab (Lair:5)
  A lindwurm (Lair:5)
  4 orc knights (Orc:2)
  8 orc sorcerers
  A deep elf pyromancer (D:12)
  4 ugly things
  2 obsidian bats
  2 cyclopes
  4 manticores
  Maurice (D:10)
  17 elephants
  7 kobold blastminers
  A meliai (shapeshifter) (D:8)
  2 molten gargoyles (Lair:5)
  6 black mambas
  A smoke demon (Volcano)
  2 torpor snails
  14 cane toads
  An orange demon (D:9)
  Jeremiah (D:8)
  A kobold demonologist (D:9)
  3 yaktaurs (D:12)
  A freezing wraith (D:10)
  2 rime drakes
  11 komodo dragons
  9 trolls
  3 polar bears
  6 dream sheep (Lair:5)
  12 blink frogs (Lair:3)
  2 hornets
  3 shadows
  A water elemental (D:11)
  6 slime creatures (D:12)
  A wraith (D:12)
  9 wyverns
  5 basilisks
  33 yaks
  6 wargs
  4 steam dragons
  Grum (D:9)
  7 vampire mosquitoes
  Edmund (D:4)
  5 hell hounds
  An acid dragon (D:9)
  16 water moccasins
  A swamp drake (Lair:3)
  3 sky beasts
  60 orc warriors
  An ice beast (D:8)
  2 black bears
  16 ogres
  11 wolves
  3 centaurs
  2 kobold brigands
  6 bullfrogs
  5 scorpions
  A gnoll sergeant (D:6)
  15 wights
  3 killer bees (D:10)
  6 electric eels
  4 howler monkeys
  5 lava snakes (Lair:5)
  8 hounds
  5 jellies
  40 orc priests
  A bombardier beetle (D:5)
  A gnoll bouda (D:7)
  A sleepcap (D:4)
  5 iguanas
  36 orc wizards
  Natasha (thrice) (D:4)
  Robin (D:2)
  7 adders
  17 gnolls
  A shadow imp (D:7)
  3 white imps (D:6)
  4 ribbon worms
  2 dart slugs
  124 orcs
  9 ball pythons
  4 bats
  9 endoplasms
  3 giant cockroaches
  13 goblins
  14 hobgoblins
  9 jackals
  11 kobolds
  5 quokkas
  7 frilled lizards
  8 rats
  2 butterflies (D:7)
  A fulminant prism (D:11)
764 creatures vanquished.

Vanquished Creatures (others)
  An unseen horror (D:12)
  75 fulminant prisms
76 creatures vanquished.

Grand Total: 840 creatures vanquished

Notes
Turn   | Place    | Note
-------+----------+-------------------------------------------
     0 | D:1      | shadizar the Djinni Conjurer began the quest for the Orb.
     0 | D:1      | shadizar set off with the following spells memorised: Magic
                  | Dart, Searing Ray, Fulminant Prism, Iskenderun's Mystic
                  | Blast.
     0 | D:1      | Reached XP level 1. HP: 15/15 MP: 0/0
   108 | D:1      | Reached XP level 2. HP: 15/21 MP: 0/0
   319 | D:1      | Reached XP level 3. HP: 23/25 MP: 0/0
   319 | D:1      | Learned a level 1 spell: Foxfire
   963 | D:2      | Noticed Robin
   971 | D:2      | Killed Robin
   972 | D:2      | Reached XP level 4. HP: 17/31 MP: 0/0
  1427 | D:2      | Reached skill level 5 in Spellcasting
  1427 | D:2      | Reached skill level 5 in Conjurations
  1427 | D:2      | Reached skill level 5 in Hexes
  1427 | D:2      | Reached skill level 5 in Summonings
  1427 | D:2      | Reached skill level 5 in Necromancy
  1427 | D:2      | Reached skill level 5 in Translocations
  1427 | D:2      | Reached skill level 5 in Fire Magic
  1427 | D:2      | Reached skill level 5 in Ice Magic
  1427 | D:2      | Reached skill level 5 in Air Magic
  1427 | D:2      | Reached skill level 5 in Earth Magic
  1427 | D:2      | Reached skill level 5 in Alchemy
  1427 | D:2      | Reached XP level 5. HP: 33/35 MP: 0/0
  1427 | D:2      | Learned a level 2 spell: Static Discharge
  1446 | D:2      | Found a faded altar of an unknown god.
  2142 | D:3      | Reached XP level 6. HP: 32/40 MP: 0/0
  3070 | D:4      | Noticed Natasha
  3076 | D:4      | Killed Natasha
  3078 | D:4      | Noticed Edmund
  3204 | D:4      | Killed Edmund
  3205 | D:4      | Reached XP level 7. HP: 24/45 MP: 0/0
  3205 | D:4      | Learned a level 3 spell: Vampiric Draining
  3361 | D:4      | Noticed Natasha
  3366 | D:4      | Killed Natasha
  3515 | D:4      | Noticed Natasha
  3518 | D:4      | Killed Natasha
  3857 | D:5      | Entered Level 5 of the Dungeon
  4450 | D:5      | Noticed a water moccasin
  4459 | D:5      | Reached XP level 8. HP: 44/50 MP: 0/0
  4547 | D:5      | Found a bloodstained altar of Trog.
  4547 | D:5      | Found a basalt altar of Yredelemnul.
  4547 | D:5      | Found a sparkling altar of Nemelex Xobeh.
  6277 | D:6      | Reached XP level 9. HP: 43/55 MP: 0/0
  6277 | D:6      | Learned a level 4 spell: Passage of Golubria
  6608 | D:7      | Found a staircase to the Ecumenical Temple.
  6609 | D:7      | Found a shimmering altar of Xom.
  6779 | Temple   | Entered the Ecumenical Temple
  6936 | Temple   | Became a worshipper of Makhleb the Destroyer
  7285 | D:7      | Reached skill level 10 in Spellcasting
  7285 | D:7      | Reached skill level 10 in Conjurations
  7285 | D:7      | Reached skill level 10 in Hexes
  7285 | D:7      | Reached skill level 10 in Summonings
  7285 | D:7      | Reached skill level 10 in Necromancy
  7285 | D:7      | Reached skill level 10 in Translocations
  7285 | D:7      | Reached skill level 10 in Fire Magic
  7285 | D:7      | Reached skill level 10 in Ice Magic
  7285 | D:7      | Reached skill level 10 in Air Magic
  7285 | D:7      | Reached skill level 10 in Earth Magic
  7285 | D:7      | Reached skill level 10 in Alchemy
  7408 | D:7      | Found a faded altar of an unknown god.
  7472 | D:7      | Found Qieqax's Jewellery Boutique.
  7736 | D:8      | Reached XP level 10. HP: 27/60 MP: 0/0
  7867 | D:8      | Reached * piety under Makhleb
  8077 | D:8      | Noticed a boulder beetle
  8114 | D:8      | Noticed Jeremiah
  8120 | D:8      | Killed Jeremiah
  8121 | D:8      | Reached skill level 1 in Fighting
  8121 | D:8      | Reached skill level 1 in Armour
  8560 | D:8      | Noticed a two-headed ogre
  8568 | D:8      | Killed a two-headed ogre
  9097 | D:8      | Noticed a meliai
  9104 | D:8      | Killed a meliai
  9392 | D:9      | Found a transporter.
  9393 | D:9      | Noticed a centaur warrior
  9455 | D:9      | Noticed Amaemon
  9465 | D:9      | Killed Amaemon
  9465 | D:9      | Noticed an orange demon
  9466 | D:9      | Reached skill level 5 in Dodging
  9469 | D:9      | Killed an orange demon
  9470 | D:9      | Reached XP level 11. HP: 44/73 MP: 0/0
  9470 | D:9      | Learned a level 4 spell: Animate Dead
  9605 | D:9      | Found a transporter.
  9606 | D:9      | Noticed ViolentViolet's ghost (novice CoHs)
  9663 | D:9      | Identified the +1 cloak "Tehysaf" {rN+ Will+}
  9738 | D:9      | Found a shadowy altar of Dithmenos.
  9762 | D:9      | Noticed Erica
  9769 | D:9      | Killed Erica
  9778 | D:9      | Reached skill level 5 in Fighting
  9778 | D:9      | Reached skill level 5 in Armour
  9785 | D:9      | Reached ** piety under Makhleb
 10207 | D:9      | Noticed Grum
 10213 | D:9      | Killed Grum
 10382 | D:9      | Noticed a two-headed ogre
 10394 | D:9      | Killed a two-headed ogre
 10768 | D:10     | Entered Level 10 of the Dungeon
 10836 | D:10     | Noticed a two-headed ogre
 10845 | D:10     | Killed a two-headed ogre
 10846 | D:10     | Reached *** piety under Makhleb
 10861 | D:10     | Reached XP level 12. HP: 64/84 MP: 0/0
 11028 | D:10     | Noticed Maurice
 11040 | D:10     | Killed Maurice
 11539 | D:10     | Found a stormy altar of Qazlal.
 11580 | D:10     | Found a staircase to the Orcish Mines.
 11968 | D:11     | Noticed Gastronok
 11984 | D:11     | Killed Gastronok
 12337 | D:11     | Noticed Urug
 12464 | D:11     | Noticed Snorg
 12473 | D:11     | Killed Urug
 12474 | D:11     | Killed Snorg
 12666 | D:11     | Reached **** piety under Makhleb
 12906 | D:11     | HP: 2/86 [electric eel/bolt of electricity (12)]
 13176 | D:11     | Found a staircase to the Lair.
 13694 | Lair:1   | Entered Level 1 of the Lair of Beasts
 13708 | Lair:1   | Reached XP level 13. HP: 64/92 MP: 0/0
 13708 | Lair:1   | Learned a level 5 spell: Fireball
 13958 | Lair:1   | Reached skill level 5 in Stealth
 14769 | Lair:2   | Noticed Harold
 14782 | Lair:2   | Noticed a four-headed hydra
 14783 | Lair:2   | Killed Harold
 14925 | Lair:2   | Killed a four-headed hydra
 16169 | Lair:3   | Noticed an alligator
 16177 | Lair:3   | Killed an alligator
 16196 | Lair:3   | Reached ***** piety under Makhleb
 16461 | Lair:3   | Found a hole to the Spider Nest.
 16674 | Lair:3   | Reached XP level 14. HP: 82/98 MP: 0/0
 17296 | Lair:3   | Found a staircase to the Swamp.
 17961 | Lair:4   | Reached skill level 10 in Dodging
 18512 | Lair:5   | Entered Level 5 of the Lair of Beasts
 19218 | Lair:5   | Reached skill level 15 in Spellcasting
 19218 | Lair:5   | Reached skill level 15 in Conjurations
 19218 | Lair:5   | Reached skill level 15 in Hexes
 19218 | Lair:5   | Reached skill level 15 in Summonings
 19218 | Lair:5   | Reached skill level 15 in Necromancy
 19218 | Lair:5   | Reached skill level 15 in Translocations
 19218 | Lair:5   | Reached skill level 15 in Fire Magic
 19218 | Lair:5   | Reached skill level 15 in Ice Magic
 19218 | Lair:5   | Reached skill level 15 in Air Magic
 19218 | Lair:5   | Reached skill level 15 in Earth Magic
 19218 | Lair:5   | Reached skill level 15 in Alchemy
 19514 | Lair:5   | Found a viscous altar of Jiyva.
 19597 | Lair:5   | Reached XP level 15. HP: 58/107 MP: 0/0
 19597 | Lair:5   | Learned a level 6 spell: Dispersal
 19603 | Lair:5   | Reached skill level 10 in Fighting
 20704 | Lair:5   | Found a large runed translucent door.
 20704 | Lair:5   | Found a large runed translucent door.
 21233 | Orc:1    | Entered Level 1 of the Orcish Mines
 21313 | Orc:1    | Found a dark tunnel.
 21361 | Volcano  | Entered a volcano
 21423 | Volcano  | Reached ****** piety under Makhleb
 21974 | Orc:1    | Noticed an orc warlord
 21998 | Orc:1    | Killed an orc warlord
 22445 | Orc:1    | Found a roughly hewn altar of Beogh.
 22572 | Orc:2    | Entered Level 2 of the Orcish Mines
 23329 | Orc:2    | Found Tudomuc's Weapon Emporium.
 23334 | Orc:2    | Found Sefos's Assorted Antiques.
 23502 | Orc:2    | Found a roughly hewn altar of Beogh.
 24536 | Orc:2    | Found a staircase to the Elven Halls.
 24672 | Orc:2    | Reached XP level 16. HP: 46/113 MP: 0/0
 25004 | Orc:2    | Found a roughly hewn altar of Beogh.
 25239 | Orc:2    | Found Tuaneawk's Magic Scroll Shoppe.
 25301 | Orc:2    | Found Ofragaj's Antique Armour Shop.
 25508 | Orc:2    | Bought a fine robe for 125 gold pieces
 25508 | Orc:2    | Identified the +4 robe "Dalu" {rN+} (You bought it in a
                  | shop on level 2 of the Orcish Mines)
 26214 | D:12     | HP: 2/115 [barbs]
 26216 | D:12     | Succumbed to barbed spike wounds

Illustrated notes

Levels and vault maps discovered:
D:1:      dpeg_arrival_morbid_curiosity, layout_basic
D:2:      layout_basic, hellmonk_ecumenical_altar_crossroads, uniq_robin
D:3:      layout_basic, mainiacjoe_overflow_catch_the_wave
D:4:      layout_basic, st_stairs_7, uniq_natasha, uniq_edmund
D:5:      layout_basic, gammafunk_temple_overflow_forgotten
D:6:      layout_basic, lexackson_kobold_supper
D:7:      layout_cave_pools, xom_butterflies, minmay_temple_entry_tees,
          serial_shops, nicolae_shop_back_alley_shop, serial_column_ruins,
          column_ruins_temple_hut, column_ruins_hut,
          column_ruins_columns_straight, column_ruins_columns_straight,
          column_ruins_open_small_water, column_ruins_open_small,
          column_ruins_columns_corner, kennysheep_path_1
D:8:      nzn_winding_woodlands_three_and_one
          [nzn_winding_woodlands_5x15_split_checker,
          nzn_winding_woodlands_5x15_sidewinder,
          nzn_winding_woodlands_5x15_concentric,
          nzn_winding_woodlands_center_triple_pond], layout_gridville,
          nicolae_overflow_hidden_temple, uniq_jeremiah
D:9:      layout_gridville, mainiacjoe_overflow_surrounded_room,
          gammafunk_ghost_arena, uniq_erica, uniq_grum, uniq_amaemon
D:10:     layout_cave_pools, nicolae_qazlal_general_emergency, david_orc_4,
          grunt_potential, uniq_maurice
D:11:     layout_loops_cross, erik_lair_island, uniq_snorg, uniq_urug,
          uniq_gastronok
D:12:     minmay_the_grid_square_5x5_5x5_mashed
          [minmay_the_grid_square_5x5_fat_x, minmay_the_grid_square_5x5_slash,
          minmay_the_grid_square_5x5_pentomino_r, minmay_the_grid_square_5x5_z,
          minmay_the_grid_square_5x5_v, minmay_the_grid_square_5x5_gyroscope,
          minmay_the_grid_square_5x5_prize_deathbox,
          minmay_the_grid_square_5x5_sharp_hourglass,
          minmay_the_grid_square_5x5_prize_itemx,
          minmay_the_grid_square_5x5_half_checkered,
          minmay_the_grid_square_5x5_broken_cross,
          minmay_the_grid_square_5x5_doubleslash,
          minmay_the_grid_square_5x5_prize_waves,
          minmay_the_grid_square_5x5_seven,
          minmay_the_grid_square_5x5_beaten_path, minmay_the_grid_square_5x5_n,
          minmay_the_grid_square_5x5_prize_gold,
          minmay_the_grid_square_5x5_bridge,
          minmay_the_grid_square_5x5_prize_open,
          minmay_the_grid_square_5x5_trominoes,
          minmay_the_grid_square_5x5_empty,
          minmay_the_grid_square_5x5_two_small,
          minmay_the_grid_square_5x5_corner,
          minmay_the_grid_square_5x5_one_wall,
          minmay_the_grid_square_5x5_eight_small], layout_cave_pods,
          gauntlet_entry_generic, dreamdust_deal_with_the_devil, uniq_kirke
Temple:   nicolae_temple_godzebo
Lair:1:   layout_regular_city, lemuel_fruit_fields
Lair:2:   layout_hall_layers, uniq_harold
Lair:3:   minmay_lair_oklob_tunnel, layout_hall_layers,
          mainiacjoe_swamp_entry_lozenge_pond, nicolae_spider_entry_non_spiders,
          pdpol_lair_cavern_descent, lemuel_fruit_fields, serial_bayou_shore_a
Lair:4:   layout_cave_pods, dpeg_oklob_1
Lair:5:   cheibrodos_lair_end_hotspot, layout_regular_city,
          minmay_slime_entry_oklob_enclosed
Orc:1:    layout_diamond_mine, nicolae_volcano_entry_s_turn,
          nicolae_orc_pool_cavern, minmay_orc_temple_b
Orc:2:    pubby_orc_utopia

Skill      XL: |  1  2  3  4  5  6  7  8  9 10 11 12 13 14 15 16 |
---------------+-------------------------------------------------+-----
Spellcasting   | 4 5 6 7 9 10 11 12 14 15 16 17 | 17.4
Conjurations   | 4 5 6 7 9 10 11 12 14 15 16 17 | 17.4
Hexes          | 4 5 6 7 9 10 11 12 14 15 16 17 | 17.4
Summonings     | 4 5 6 7 9 10 11 12 14 15 16 17 | 17.4
Necromancy     | 4 5 6 7 9 10 11 12 14 15 16 17 | 17.4
Translocations | 4 5 6 7 9 10 11 12 14 15 16 17 | 17.4
Fire Magic     | 4 5 6 7 9 10 11 12 14 15 16 17 | 17.4
Ice Magic      | 4 5 6 7 9 10 11 12 14 15 16 17 | 17.4
Air Magic      | 4 5 6 7 9 10 11 12 14 15 16 17 | 17.4
Earth Magic    | 4 5 6 7 9 10 11 12 14 15 16 17 | 17.4
Alchemy        | 4 5 6 7 9 10 11 12 14 15 16 17 | 17.4
Fighting       | 4 6 8 9 10 | 10.6
Armour         | 4 6 8 |  8.2
Dodging        | 5 7 9 10 11 | 11.0
Stealth        | 4 5 6 |  6.1

Action                     |  1- 3 |  4- 6 |  7- 9 | 10-12 | 13-15 | 16-18 || total
---------------------------+-------+-------+-------+-------+-------+-------++-------
  Melee: Unarmed           |       |       |     2 |     1 |     2 |       ||     5
   Cast: Magic Dart        |    68 |   142 |   228 |   111 |   456 |    11 ||  1016
         Searing Ray       |     2 |     3 |       |     1 |     2 |       ||     8
         Iskenderun's Myst |       |     4 |    57 |   151 |   395 |    31 ||   638
         Fulminant Prism   |       |     4 |     3 |    42 |    28 |       ||    77
         Fireball          |       |       |       |       |   108 |    59 ||   167
    Use: Scroll            |       |       |       |    17 |    10 |     1 ||    28
         Potion            |       |       |       |     1 |       |     1 ||     2
   Stab: Distracted        |       |       |     1 |       |       |       ||     1
 Armour: Robe              |    11 |    29 |    34 |    38 |       |    15 ||   127
         Leather armour    |       |       |       |    40 |   143 |       ||   183
  Dodge: Dodged            |    12 |    15 |    26 |    71 |   160 |    16 ||   300

Table legend: (Time is in decaauts)
 A = Elapsed time spent in this place.
 B = Non-inter-level travel time spent in this place.
 C = Inter-level travel time spent in this place.
 D = Time resting spent in this place.
 E = Time spent auto-exploring this place.
 F = Levels seen in this place.
 G = Mean time per level.
                   A        B        C        D        E       F      G
               +--------+--------+--------+--------+--------+-----+--------+
         Total |  26245 |  25601 |    644 |      0 |  20756 |  21 | 1249.8 |
       Dungeon |  14387 |  14032 |    355 |      0 |  11736 |  12 | 1198.9 |
        Temple |    190 |    190 |      0 |      0 |    126 |   1 |  190.0 |
          Lair |   7281 |   7090 |    191 |      0 |   5883 |   5 | 1456.2 |
  Orcish Mines |   3993 |   3896 |     97 |      0 |   2744 |   2 | 1996.5 |
       Volcano |    392 |    392 |      0 |      0 |    267 |   1 |  392.0 |
               +--------+--------+--------+--------+--------+-----+--------+

Top non-repeatable levels by time:
   Orc:2: 2816 daAuts
  Lair:5: 2379 daAuts
    D:11: 1833 daAuts
    D:10: 1699 daAuts
     D:6: 1562 daAuts
     D:8: 1474 daAuts
     D:9: 1382 daAuts
  Lair:3: 1361 daAuts
  Lair:4: 1280 daAuts
  Lair:1: 1213 daAuts
   Orc:1: 1176 daAuts
     D:7: 1161 daAuts
     D:3: 1152 daAuts
     D:1: 1052 daAuts
  Lair:2: 1046 daAuts
